 Dungeon Crawl Stone Soup version 0.19-a0-1851-g3228ea0 (webtiles) character file.

1442 tyvek the Martial Artist (level 8, -1/59 HPs)
             Began as a Black Draconian Transmuter on Oct 10, 2016.
             Slain by a phantom (6 damage)
             ... on level 6 of the Dungeon.
             The game lasted 00:17:17 (7305 turns).

tyvek the Martial Artist (DrTm)                     Turns: 7305, Time: 00:17:18

Health: -1/59      AC:  8    Str: 12    XL:     8   Next: 46%
Magic:  16/21      EV: 12    Int: 15    God:
Gold:   227        SH:  3    Dex: 13    Spells: 3 memorised, 5 levels left

rFire  x . .     SeeInvis .       - Unarmed
rCold  + . .     Gourm    .     (armour unavailable)
rNeg   . . .     Faith    .     (no shield)
rPois  .         Spirit   .     (helmet restricted)
rElec  +         Dismiss  .     (no cloak)
rCorr  .         Reflect  +     q - +1 pair of gloves
MR     .....     Harm     .     (no boots)
Stlth  +.........               A - +3 amulet of reflection (curse)
                                C - ring of ice
                                W - ring of magical power

@: short of breath, appendage (expiring)
A: breathe lightning, unfitting armour, horns 2, electricity resistance,
cold-blooded, AC +6
a: Breathe Lightning, End Transformation


You were on level 6 of the Dungeon.
You were not hungry.
You had grown temporary horns.
You visited 1 branch of the dungeon, and saw 6 of its levels.

You collected 227 gold pieces.


Innate Abilities, Weirdness & Mutations

You can breathe wild blasts of lightning.
Your glossy black scales are hard. (AC +6)
You cannot fit into any form of body armour.
You are resistant to electric shocks. (rElec)
You are cold-blooded and may be slowed by cold attacks.
You have a pair of horns on your head.


   Skills:
 - Level 1.1 Fighting
 - Level 1.7 Dodging
 - Level 8.6 Unarmed Combat
 + Level 2.6 Spellcasting
 + Level 6.4 Transmutations
 + Level 1.8 Ice Magic


You had 5 spell levels left.
You knew the following spells:

 Your Spells              Type           Power        Failure   Level  Hunger
c - Ice Form              Ice/Tmut       ###.....     41%         4    #####..
t - Sticks to Snakes      Tmut           ###.....     1%          2    ##.....
z - Beastly Appendage     Tmut           ###...       1%          1    #......

Inventory:

Missiles
 a - 59 arrows
Armour
 l - a cursed +0 cloak
 q - a +1 pair of gloves (worn)
Jewellery
 A - a cursed +3 amulet of reflection (around neck)
 C - a ring of ice (right hand)
 W - a ring of magical power (left hand)
Wands
 p - a wand of random effects (4/48)
Scrolls
 n - a scroll of teleportation {unknown}
 o - a scroll of fear {unknown}
 r - a scroll of identify {@r1}
 y - a scroll of remove curse {@r2}
 z - 2 scrolls of enchant armour
Potions
 d - a potion of agility
 f - a potion of might
 h - a potion of haste {@q3}
 j - 2 potions of magic
 k - a potion of mutation {!q}
 m - 2 potions of lignification {!q}
 s - a potion of cure mutation
 t - a potion of brilliance
 u - a potion of resistance
 v - a potion of curing {@q1}
 w - a potion of flight
Books
 b - a book of Changes

   Spells                             Type                      Level
   a - Beastly Appendage              Transmutation                1
   b - Sticks to Snakes               Transmutation                2
   c - Spider Form                    Transmutation/Poison         3
   d - Ice Form                       Ice/Transmutation            4
   e - Blade Hands                    Transmutation                5
 x - a book of Cantrips

   Spells                             Type                      Level
   a - Confusing Touch                Hexes                        1
   b - Animate Skeleton               Necromancy                   1
   c - Summon Small Mammal            Summoning                    1
   d - Apportation                    Translocation                1
 B - a book of Maledictions

   Spells                             Type                      Level
   a - Corona                         Hexes                        1
   b - Ensorcelled Hibernation        Hexes/Ice                    2
   c - Confuse                        Hexes                        3
   d - Tukima's Dance                 Hexes                        3
   e - Dazzling Spray                 Conjuration/Hexes            3
Comestibles
 c - 4 bread rations {@e1}
 g - 6 meat rations {@e1}
 i - a beef jerky {@e2}

Dungeon Overview and Level Annotations

Branches:
Dungeon (6/15)
 Temple: D:4-7

Altars:
Nemelex Xobeh
Xom
The Shining One

Shops:
D:6

% #.# #.# #.#
#.# ..% #S#
#W# #@# #Z#
#S# #.# #.#
#.# # #w# .#
#o#######Z.#
#.##.##.....#


You could see a phantom, a worm, an adder, an orc, a bullfrog skeleton and a
friendly ball python.


Message History

The bullfrog skeleton hits your ball python.
Your ball python dies!
Items here: )) [ † a dagger; a robe; a whip; an orc corpse Your magical effects are unravelling.
You feel magically purged.
You feel a little less agile now.
The sentinel's mark upon you fades away.
The bullfrog skeleton hits you but does no damage.
You hit the phantom. Your punch misses the phantom.
The phantom is lightly damaged.
The phantom barely misses you.
The bullfrog skeleton closely misses you.
You miss the phantom.
The phantom is lightly damaged.
The bullfrog skeleton closely misses you.
The phantom barely misses you.
A worm comes into view.
Casting: Sticks to Snakes
Confirm with . or Enter, or press ? or * to list all spells.
You grow a pair of large bovine horns.
You block the bullfrog skeleton's attack.
The phantom closely misses you.
Casting: Beastly Appendage
Confirm with . or Enter, or press ? or * to list all spells.
You create a snake!
You now have 59 arrows.
Your transformation is almost over.
The bullfrog skeleton barely misses you.
The phantom hits you.
You die...

Skill      XL: |  1  2  3  4  5  6  7  8 |
---------------+-------------------------+-----
Transmutations | 3 4 6 |  6.4
Unarmed Combat | 4 5 6 8 |  8.6
Ice Magic      | 1 |  1.8
Fighting       | |  1.1
Dodging        | |  1.7
Spellcasting   | |  2.6

Action                   |  1- 3 |  4- 6 |  7- 9 || total
-------------------------+-------+-------+-------++-------
Melee: Unarmed           |   146 |   300 |   125 ||   571
       Tailslap          |     9 |    31 |    15 ||    55
       Headbutt          |     5 |    16 |    24 ||    45
       Kick              |     4 |    16 |     3 ||    23
       Punch             |     2 |     8 |     2 ||    12
 Cast: Beastly Appendage |    13 |    29 |    15 ||    57
       Sticks to Snakes  |     3 |     2 |    11 ||    16
 Abil: Breathe Lightning |       |       |     6 ||     6
Evoke: Wand              |       |       |     6 ||     6
  Use: Scroll            |     3 |     8 |     5 ||    16
       Potion            |       |     3 |     6 ||     9
 Stab: Sleeping          |     2 |     1 |       ||     3
       Distracted        |       |       |     1 ||     1
  Eat: Chunk             |     4 |    10 |     7 ||    21
       Pizza             |       |       |     2 ||     2
Armor: Skin              |    62 |    73 |    39 ||   174
Dodge: Dodged            |   112 |   177 |    90 ||   379
Block: Other             |       |       |     5 ||     5

Vault maps used:
D:1:      minmay_arrival_cross, minivault_11, minmay_misc_feat_rows,
          minmay_octomino_j4
D:2:      nemelex_dance_club_becter
D:3:      corexii_shack_village, nicolae_tso_swordbearing_angel, first_bread,
          minmay_misc_feat_chi, uniq_iyjb
D:4:      xom_butterflies, grunt_ministairs_3
D:5:      uniq_grinder
D:6:      serial_shops, shop, roderic_serpentine_path

Notes
Turn   | Place    | Note
-------+----------+-------------------------------------------
     0 | D:1      | tyvek the Draconian Transmuter began the quest for the Orb.
     0 | D:1      | Reached XP level 1. HP: 16/16 MP: 3/3
   385 | D:1      | Reached XP level 2. HP: 20/23 MP: 5/5
   887 | D:1      | Learned a level 2 spell: Sticks to Snakes
   904 | D:1      | Reached XP level 3. HP: 28/28 MP: 6/6
  1041 | D:2      | Reached skill level 3 in Transmutations
  1525 | D:2      | Reached skill level 4 in Unarmed Combat
  1542 | D:2      | HP: 2/28 [poisoned by an adder]
  1945 | D:2      | Reached XP level 4. HP: 35/35 MP: 7/7
  2239 | D:2      | Found a sparkling altar of Nemelex Xobeh.
  2607 | D:3      | Learned a level 4 spell: Ice Form
  2645 | D:3      | Reached XP level 5. HP: 35/40 MP: 8/8
  2720 | D:3      | Reached skill level 5 in Unarmed Combat
  3274 | D:3      | Noticed Ijyb
  3314 | D:3      | Killed Ijyb
  3657 | D:3      | Reached skill level 4 in Transmutations
  4334 | D:3      | Reached XP level 6. HP: 40/47 MP: 9/9
  4345 | D:3      | Found a glowing golden altar of the Shining One.
  4596 | D:4      | Reached skill level 6 in Unarmed Combat
  4780 | D:4      | Your scales start taking on a glossy black colour.
  4780 | D:4      | Reached XP level 7. HP: 52/52 MP: 10/10
  4780 | D:4      | Gained mutation: You are resistant to electric shocks. (rElec) [Black Draconian growth]
  4949 | D:4      | Found a shimmering altar of Xom.
  5296 | D:5      | Entered Level 5 of the Dungeon
  5311 | D:5      | Noticed Grinder
  5325 | D:5      | Killed Grinder
  5325 | D:5      | Reached skill level 7 in Unarmed Combat
  5325 | D:5      | Reached skill level 5 in Transmutations
  5334 | D:5      | Noticed Maruxus's ghost (novice CeAM)
  6090 | D:5      | Killed Maruxus's ghost
  6090 | D:5      | Reached skill level 8 in Unarmed Combat
  6090 | D:5      | Reached skill level 6 in Transmutations
  6090 | D:5      | Reached XP level 8. HP: 23/59 MP: 11/11
  6469 | D:5      | Reached skill level 1 in Ice Magic
  7168 | D:5      | Identified a potion of resistance
  7197 | D:6      | Found Loeciojo's Food Boutique.
  7292 | D:6      | HP: 5/59 [something/puff of flame (4)]
  7298 | D:6      | HP: 4/59 [something (1)]
  7305 | D:6      | Slain by a phantom

Vanquished Creatures
  The ghost of Maruxus the Archer, a novice CeAM of Okawaru (D:5)
  2 ogres (D:4)
  A centaur (D:5)
  A scorpion (D:3)
  A howler monkey (D:4)
  A crimson imp (D:5)
  3 orc priests
  2 hounds
  6 orc wizards
  Ijyb (D:3)
  An iguana (D:4)
  2 worker ants (D:4)
  A hound zombie (D:1)
  7 adders
  An ooze (D:2)
  An adder skeleton (D:4)
  4 worms
  A dart slug (D:2)
  2 leopard geckos
  19 orcs
  4 giant cockroaches
  12 goblins
  9 hobgoblins
  15 jackals
  A quokka (D:4)
  A ball python (D:3)
  7 bats
  8 frilled lizards
  5 kobolds
  7 rats
127 creatures vanquished.

Vanquished Creatures (collateral kills)
  Grinder (D:5)
  An adder (D:2)
  An orc (D:3)
  A bat (D:2)
4 creatures vanquished.

Grand Total: 131 creatures vanquished
